 Dungeon Crawl Stone Soup version 0.19-a0-611-gb5a7e8d (webtiles) character file.

58 HarleyM the Cudgeler (level 4, 0/49 HPs)
             Began as an Ogre Berserker on June 12, 2016.
             Was a Believer of Trog.
             Slain by Grinder (4 damage)
             ... on level 3 of the Dungeon.
             The game lasted 00:03:19 (1523 turns).

HarleyM the Cudgeler (Ogre Berserker)               Turns: 1523, Time: 00:03:20

Health: 0/49       AC:  3    Str: 22    XL:     4   Next: 1%
Magic:  4/4        EV: 10    Int:  6    God:    Trog [**....]
Gold:   87         SH:  0    Dex: 10    Spells: 0 memorised, 3 levels left

rFire  . . .     SeeInvis .     a - +0 mace
rCold  . . .     Gourm    .     b - +0 animal skin
rNeg   . . .     Faith    .     (no shield)
rPois  .         Spirit   .     (helmet restricted)
rElec  .         Dismiss  .     (no cloak)
rCorr  .         Reflect  .     (gloves unavailable)
SustAt .         Harm     .     (boots unavailable)
MR     ++...                    (no amulet)
Stlth  +.........               (no ring)
                                (no ring)

@: exhausted, regenerating, slowed, very slow, very resistant to hostile
enchantments, very unstealthy
A: unfitting armour, tough skin 1
a: Berserk, Trog's Hand, Burn Spellbooks, Renounce Religion


You were on level 3 of the Dungeon.
You worshipped Trog.
Trog was pleased with you.
You were very hungry.

You visited 1 branch of the dungeon, and saw 3 of its levels.

You collected 87 gold pieces.

Inventory:

Hand Weapons
 a - a +0 mace (weapon)
Armour
 b - a +0 animal skin (worn)
Scrolls
 d - 2 scrolls of enchant armour {unknown}
 e - 2 scrolls of enchant weapon {unknown}
 f - 4 scrolls of identify {unknown}
 g - 2 scrolls of fear {unknown}
 k - 2 scrolls of amnesia {unknown}
 l - a scroll of teleportation {unknown}
Potions
 h - a potion of flight {unknown}
 j - 2 potions of haste {unknown}
 n - a potion of curing {unknown}
 o - 2 potions of invisibility {unknown}
 p - 2 potions of degeneration {unknown}
Comestibles
 c - 4 bread rations
 i - 4 fruits
 m - a meat ration
 q - 4 chunks of flesh


   Skills:
 + Level 4.7 Fighting
 + Level 5.0 Maces & Flails
 + Level 3.2 Dodging
 + Level 0.1 Stealth


You had 3 spell levels left.
You didn't know any spells.

Dungeon Overview and Level Annotations

Branches:
Dungeon (3/15)

Altars:
Elyvilon
Makhleb
Vehumet

Annotations:
D:3 Grinder


Innate Abilities, Weirdness & Mutations

You are too large for most types of armour.
You have tough skin. (AC +1)


Message History

Grinder gestures at you. You resist with almost no effort.
You sock Grinder!
Grinder is moderately wounded.
Grinder hits you.
You writhe in agony.
Grinder hits you.
You writhe in agony.
You barely miss Grinder.
Grinder is moderately wounded.
Grinder closely misses you. Grinder barely misses you.
You barely miss Grinder.
Grinder is moderately wounded.
You feel the effects of Trog's Hand fading.
Grinder hits you.
You writhe in agony.
* * * LOW HITPOINT WARNING * * *
Grinder hits you but does no damage.
You closely miss Grinder.
Grinder is moderately wounded.
Grinder hits you!
* * * LOW HITPOINT WARNING * * *
You writhe in agony.
You die...

##.....
#.....>
+......
#......
#..... #....
#...########
#.......@.#
#.#######5#
#.# #.#
######.#####
#.#
...........#
#.#
#.....#.###)#
#..........#
##.###.##..#
#............


You could see Grinder.

Vanquished Creatures
  2 adders
  A dart slug (D:1)
  A giant gecko (D:1)
  An orc (D:3)
  A ball python (D:1)
  2 giant cockroaches (D:1)
  4 goblins
  5 hobgoblins
  4 jackals (D:2)
  4 bats (D:2)
  4 kobolds
  6 rats
35 creatures vanquished.

Notes
Turn   | Place    | Note
--------------------------------------------------------------
     0 | D:1      | HarleyM the Ogre Berserker began the quest for the Orb.
     0 | D:1      | Reached XP level 1. HP: 24/24 MP: 1/1
   131 | D:1      | Reached XP level 2. HP: 22/32 MP: 2/2
   693 | D:2      | Reached XP level 3. HP: 36/40 MP: 3/3
   698 | D:2      | Reached skill level 5 in Maces & Flails
   707 | D:2      | Reached ** piety under Trog
   966 | D:2      | Found a burning altar of Makhleb.
   966 | D:2      | Found a radiant altar of Vehumet.
   981 | D:2      | Found a white marble altar of Elyvilon.
  1386 | D:3      | Reached XP level 4. HP: 40/49 MP: 4/4
  1491 | D:3      | Noticed Grinder
  1505 | D:3      | Paralysed by Grinder for 4 turns
  1523 | D:3      | Slain by Grinder

Vault maps used:
D:1:      minmay_arrival_plants_in_alcoves, supply_closet_lemuel,
          minmay_misc_feat_more_columns, minmay_ruptured
D:2:      gammafunk_temple_overflow_wave, old_standard_altar
D:3:      uniq_grinder

Skill      XL: |  1  2  3 |
---------------+----------+-----
Maces & Flails | 5 |  5.0
Dodging        | 3 |  3.2
Fighting       | |  4.7
Stealth        | |  0.1

Action                   |  1- 3 |  4- 6 || total
-------------------------+-------+-------++-------
Melee: Mace              |   102 |     8 ||   110
Invok: Berserk           |       |     1 ||     1
       Trog's Hand       |       |     1 ||     1
  Eat: Chunk             |     2 |       ||     2
Armor: Animal skin       |    46 |     1 ||    47
Dodge: Dodged            |    64 |     2 ||    66
